[Event "Titled Tuesday Blitz June 13 Early 2023"]
[White "Peycheva, Gergana"]
[Black "Carlsen, Magnus"]
[WhiteFideId "2916711"]
[BlackFideId "1503014"]
[WhiteElo "2216"]
[BlackElo "2858"]
[Result "0-1"]
[Round "1"]
[TimeControl "180+2"]
[Date "2023.06.13"]
[WhiteClock "0:00:00"]
[BlackClock "0:01:18"]
[Board "1"]

1. d4 d5 2. c4 dxc4 3. e3 e5 4. Bxc4 Nc6 5. Nf3 e4 6. Nfd2 Qg5 7. Nxe4 Qxg2 8. Ng3 Nf6 9. Bf1 Qd5 10. Nc3 Bb4 11. Bd2 Bxc3 12. bxc3 Bg4 13. Qb3 Qd7 14. Be2 Bxe2 15. Nxe2 Na5 16. Qb4 Qc6 17. Rg1 Nc4 18. Rb1 O-O-O 19. Qb5 Qxb5 20. Rxb5 g6 21. Rb4 Nb6 22. c4 a5 23. Rb5 Nxc4 24. Bxa5 Rd5 25. Rxd5 Nxd5 26. Bd2 Kd7 27. Nc1 Ra8 28. Ke2 f5 29. Rd1 Re8 30. Be1 Ncxe3 31. fxe3 Nxe3 32. Nd3 Nxd1+ 33. Kxd1 Ra8 34. Bg3 Rxa2 35. Nc5+ Kc6 36. Ne6 Kd5 37. Nxc7+ Kxd4 38. Ke1 Ke3 39. Kf1 f4 40. Be1 Rxh2 41. Nd5+ Kf3 42. Kg1 Rc2 43. Bh4 g5 0-1


[Site "https://www.chess.com"]

[Event "Titled Tuesday Blitz June 13 Early 2023"]
[White "Nihal Sarin"]
[Black "Khandelwal, Ankush"]
[WhiteFideId "25092340"]
[BlackFideId "413470"]
[WhiteElo "2689"]
[BlackElo "2263"]
[Result "1-0"]
[Round "1"]
[TimeControl "180+2"]
[Date "2023.06.13"]
[WhiteClock "0:00:26"]
[BlackClock "0:00:03"]
[Board "2"]

1. e4 c5 2. Nf3 d6 3. Bb5+ Bd7 4. a4 Nc6 5. O-O Nf6 6. Nc3 g6 7. Ne2 Nxe4 8. d4 cxd4 9. Nexd4 Bg7 10. Re1 Nf6 11. Bg5 O-O 12. h3 Rc8 13. c3 a6 14. Bf1 Nxd4 15. Qxd4 Bc6 16. Qd1 Re8 17. Nd4 Bd7 18. Qb3 Qc7 19. a5 e5 20. Nf3 Be6 21. Qa4 Nd7 22. Be3 Nc5 23. Qh4 f6 24. c4 Nb3 25. Bb6 Qf7 26. Rad1 Rc6 27. Re3 Nc5 28. b4 Nd7 29. b5 Rcc8 30. bxa6 bxa6 31. Rxd6 Bf8 32. Rd1 Nxb6 33. axb6 Bxc4 34. b7 Rc7 35. Nxe5 fxe5 36. Rf3 Qe6 37. Rd8 Bxf1 38. b8=Q Rc1 39. Rxf8+ Kxf8 40. Rxe8+ Qxe8 41. Qf6+ Kg8 42. Qxe8# 1-0


[Site "https://www.chess.com"]

[Event "Titled Tuesday Blitz June 13 Early 2023"]
[White "Garakov, Mikhael"]
[Black "Nakamura, Hikaru"]
[WhiteFideId "4169034"]
[BlackFideId "2016192"]
[WhiteElo "2347"]
[BlackElo "2874"]
[Result "0-1"]
[Round "1"]
[TimeControl "180+2"]
[Date "2023.06.13"]
[WhiteClock "0:00:02"]
[BlackClock "0:00:31"]
[Board "3"]

1. e4 d5 2. exd5 Qxd5 3. d4 Nc6 4. Nf3 Bg4 5. Be2 O-O-O 6. c4 Qf5 7. Be3 Nf6 8. Nbd2 e6 9. a3 g5 10. b4 Bxf3 11. Nxf3 g4 12. Nh4 Qh5 13. g3 Bh6 14. b5 Ne7 15. Qc1 Bxe3 16. Qxe3 Nf5 17. Nxf5 exf5 18. d5 Kb8 19. O-O Rhe8 20. Qd4 Ne4 21. c5 Ng5 22. Bd1 f4 23. b6 cxb6 24. cxb6 Nh3+ 25. Kh1 Rxd5 26. bxa7+ Ka8 27. Qa4 Rde5 28. gxf4 Re1 29. Bxg4 Qxg4 30. Raxe1 Qf3# 0-1


[Site "https://www.chess.com"]

[Event "Titled Tuesday Blitz June 13 Early 2023"]
[White "Paravyan, David"]
[Black "Musovic, Armin"]
[WhiteFideId "4194985"]
[BlackFideId "939935"]
[WhiteElo "2563"]
[BlackElo "2322"]
[Result "1-0"]
[Round "1"]
[TimeControl "180+2"]
[Date "2023.06.13"]
[WhiteClock "0:00:17"]
[BlackClock "0:01:05"]
[Board "4"]

1. e4 c6 2. d4 d5 3. e5 c5 4. Nf3 Nc6 5. dxc5 Bg4 6. c3 e6 7. Be3 Nge7 8. Bb5 Qc7 9. Nbd2 Nf5 10. Bd4 Be7 11. h3 Bh5 12. g4 Nxd4 13. cxd4 Bg6 14. Qe2 h5 15. O-O-O Kf8 16. Bd3 Nxd4 17. Nxd4 Qxc5+ 18. Nc2 Rc8 19. Nb3 Bxd3 20. Qxd3 Qxf2 21. Rhf1 Qh4 22. Kb1 hxg4 23. Nbd4 Kg8 24. hxg4 Qxg4 25. Rh1 Rh4 26. a3 a6 27. Rdg1 Rxh1 28. Rxh1 g6 29. Qd2 Bh4 30. Qh6 g5 31. Qf6 Rc4 32. Rf1 Qh5 33. Nxe6 Qg6 34. Qd8+ Kh7 35. Nf8+ Kg7 36. Nxg6 Kxg6 37. Ne3 Kh5 38. Qxd5 Rf4 39. Rxf4 gxf4 40. Qxf7+ Kg5 41. Qf5+ Kh6 1-0


[Site "https://www.chess.com"]

[Event "Titled Tuesday Blitz June 13 Early 2023"]
[White "MKlose11"]
[Black "Caruana, Fabiano"]
[BlackFideId "2020009"]
[WhiteElo "2529"]
[BlackElo "2832"]
[Result "0-1"]
[Round "1"]
[TimeControl "180+2"]
[Date "2023.06.13"]
[WhiteClock "0:00:35"]
[BlackClock "0:00:50"]
[Board "5"]

1. e4 c5 2. Nc3 d6 3. g3 Nc6 4. Bg2 g6 5. d3 Bg7 6. Be3 Nf6 7. h3 O-O 8. Qd2 Rb8 9. Bh6 b5 10. Bxg7 Kxg7 11. Nge2 b4 12. Nd1 a5 13. O-O Ba6 14. Ne3 Nd4 15. f4 a4 16. g4 e6 17. f5 Nd7 18. Rf2 Qh4 19. Raf1 Ne5 20. Nf4 exf5 21. gxf5 a3 22. b3 Rbe8 23. Ned5 Bb7 24. f6+ Kh8 25. Kh2 Ng4+ 26. Kg1 Nxf2 27. Rxf2 Re5 28. Qe3 Qg5 29. Qd2 Bxd5 30. Nxd5 Qxd2 31. Rxd2 Rxd5 32. exd5 Re8 33. Be4 h5 34. Kf2 Kh7 35. h4 Kh6 36. Kg3 Nb5 37. Rd1 Nc3 38. Ra1 g5 39. hxg5+ Kxg5 40. Kf3 Kxf6 41. Kf4 Rg8 42. Rh1 Rg4+ 43. Kf3 Kg5 44. Rh2 Nxa2 45. c4 Nc3 46. Ke3 f5 47. Bf3 h4 48. Rh1 a2 49. Bxg4 fxg4 50. d4 cxd4+ 51. Kxd4 Nb1 52. c5 a1=Q+ 0-1


[Site "https://www.chess.com"]

[Event "Titled Tuesday Blitz June 13 Early 2023"]
[White "Fedoseev, Vladimir"]
[Black "Orujov2008"]
[WhiteFideId "24130737"]
[WhiteElo "2743"]
[BlackElo "2529"]
[Result "1-0"]
[Round "1"]
[TimeControl "180+2"]
[Date "2023.06.13"]
[WhiteClock "0:00:12"]
[BlackClock "0:00:00"]
[Board "6"]

1. e4 e5 2. Bc4 Nf6 3. Nc3 Nxe4 4. Qh5 Nd6 5. Qxe5+ Qe7 6. Qxe7+ Bxe7 7. Bb3 O-O 8. Nd5 Bd8 9. d4 c6 10. Bf4 Nf5 11. Nc7 Bxc7 12. Bxc7 Nxd4 13. Bd6 Re8+ 14. Kf1 Nf5 15. Bf4 d5 16. Nf3 Na6 17. c4 Nc5 18. cxd5 Nxb3 19. axb3 cxd5 20. g4 Ne7 21. h3 Nc6 22. Kg2 d4 23. Rhd1 Be6 24. Nxd4 Nxd4 25. Rxd4 Bxb3 26. f3 Be6 27. Rb4 b6 28. Kf2 Re7 29. Rxb6 Rc8 30. Rb4 Rc2+ 31. Kg3 h6 32. Re1 Rd7 33. h4 Rd3 34. Rb8+ Kh7 35. g5 hxg5 36. hxg5 Bd5 37. Be3 Rb3 38. Rd8 Be6 39. Bd4 Rd2 40. Re4 Rbxb2 41. Rh4+ Kg6 42. Rg8 Rxd4 43. Rxd4 Kxg5 44. Rxg7+ Kf6 45. Rh7 a5 46. Ra4 Rb5 47. Rh6+ Ke7 48. Rhh4 Bb3 49. Rad4 a4 50. Rhe4+ Kf8 51. Rd8+ Kg7 52. Rg4+ Kf6 53. Ra8 Rc5 54. Ra6+ Ke7 55. Rb4 Kf8 56. f4 Kg7 57. Kg4 Rc1 58. f5 Rg1+ 59. Kf4 Rf1+ 60. Ke5 Re1+ 61. Kd4 Rd1+ 62. Kc3 Rc1+ 63. Kd2 Rd1+ 64. Ke2 Rc1 65. Rg4+ Kf8 66. f6 Ke8 67. Rd4 Rc8 68. Ra5 Be6 69. Rh5 1-0


[Site "https://www.chess.com"]

[Event "Titled Tuesday Blitz June 13 Early 2023"]
[White "Chernomordik, Pavel"]
[Black "Dubov, Daniil"]
[WhiteFideId "2804530"]
[BlackFideId "24126055"]
[WhiteElo "2193"]
[BlackElo "2793"]
[Result "0-1"]
[Round "1"]
[TimeControl "180+2"]
[Date "2023.06.13"]
[WhiteClock "0:00:02"]
[BlackClock "0:01:01"]
[Board "7"]

1. e4 c5 2. Nc3 e6 3. f4 a6 4. g3 b5 5. Bg2 Bb7 6. Qe2 Nc6 7. Nf3 Nd4 8. Nxd4 cxd4 9. Nd1 Rc8 10. c3 Bc5 11. Nf2 Nf6 12. O-O d3 13. Qxd3 Ng4 14. Qe2 Bxf2+ 15. Rxf2 Nxf2 16. Qxf2 O-O 17. d3 f5 18. Be3 e5 19. Rd1 d6 20. Bh3 Qc7 21. Bg2 Rce8 22. fxe5 fxe4 23. exd6 Qxd6 24. Qd2 Qe6 25. d4 Qxa2 26. h4 Qd5 27. Qe2 Rf3 28. Bxf3 exf3 29. Qf2 Qe6 30. Kh2 Qxe3 0-1


[Site "https://www.chess.com"]

[Event "Titled Tuesday Blitz June 13 Early 2023"]
[White "Le, Tuan Minh"]
[Black "Brunner, Nicolas"]
[WhiteFideId "12401153"]
[BlackFideId "620246"]
[WhiteElo "2566"]
[BlackElo "2319"]
[Result "1-0"]
[Round "1"]
[TimeControl "180+2"]
[Date "2023.06.13"]
[WhiteClock "0:00:12"]
[BlackClock "0:00:06"]
[Board "8"]

1. d4 Nf6 2. Nf3 e6 3. Bf4 b6 4. e3 Bb7 5. c4 c5 6. Nc3 cxd4 7. Nxd4 a6 8. Rc1 d6 9. Nf3 Be7 10. Be2 O-O 11. O-O Qc7 12. h3 Nbd7 13. Qc2 Rac8 14. Rfd1 Qb8 15. Qd2 Ne5 16. Nxe5 dxe5 17. Bg3 Rfd8 18. Qc2 h6 19. Qb3 Bc6 20. a3 Qb7 21. Bf1 e4 22. Rxd8+ Rxd8 23. Rd1 Rc8 24. Qc2 a5 25. Bd6 Bxd6 26. Rxd6 Nd7 27. b4 axb4 28. axb4 Ne5 29. b5 Be8 30. Rd4 f5 31. Qb3 Nd7 32. Na4 Nc5 33. Nxc5 Rxc5 34. Rd6 Kf7 35. Qb2 Qc7 36. Rd1 Bd7 37. Be2 e5 38. Qa1 Be6 39. Rc1 Kf6 40. Qa8 Qc8 41. Qa4 Qc7 42. Bf1 h5 43. h4 Qd6 44. Rd1 Qc7 45. Rc1 Qd6 46. Qa1 Qc7 47. Qc3 Qd6 48. Ra1 Qc7 49. Ra4 Rxb5 50. Qa1 Rc5 51. Ra7 Qc6 52. Qd1 Qc8 53. Qd6 Rc6 54. Qe7+ 1-0


[Site "https://www.chess.com"]

[Event "Titled Tuesday Blitz June 13 Early 2023"]
[White "Aloma Vidal, Robert"]
[Black "Pranesh M"]
[WhiteFideId "2260409"]
[BlackFideId "35028600"]
[WhiteElo "2435"]
[BlackElo "2437"]
[Result "1/2-1/2"]
[Round "1"]
[TimeControl "180+2"]
[Date "2023.06.13"]
[WhiteClock "0:00:12"]
[BlackClock "0:00:09"]
[Board "9"]

1. e4 e5 2. Nf3 Nc6 3. Bc4 Nf6 4. d4 exd4 5. e5 d5 6. Bb5 Ne4 7. Nxd4 Bc5 8. Be3 O-O 9. Nxc6 bxc6 10. Bxc5 Nxc5 11. Bxc6 Rb8 12. Qxd5 Qe7 13. O-O Rxb2 14. Qd4 Rxc2 15. Nc3 Ba6 16. Rfc1 Rxc1+ 17. Rxc1 Nd3 18. Nd5 Qg5 19. Rc3 Nxe5 20. f4 Nxc6 21. Rxc6 Qh4 22. g3 Qg4 23. Rxa6 Re8 24. Ne3 Qe2 25. Ra3 c5 26. Qd3 Qb2 27. Rc3 h5 28. Rc2 Qa1+ 29. Nf1 Re1 30. Rxc5 g6 31. Rc8+ Kh7 32. Qc4 Kg7 33. Rc7 Qf6 34. Rd7 Ra1 35. Qd4 Rxa2 36. Qxf6+ Kxf6 37. Ne3 Ke6 38. Rb7 a5 39. f5+ gxf5 40. Rb6+ Ke5 41. Rb5+ Kd4 42. Nxf5+ Kc3 43. Nd6 a4 44. Nxf7 a3 45. Ne5 Re2 46. Ra5 a2 47. Nf3 Kb2 48. Kf1 Rc2 49. Ne1 Rxh2 50. Nd3+ Kc3 51. Nc1 Rh1+ 52. Kg2 Rxc1 53. Rxa2 Kd3 54. Kh3 Rh1+ 55. Kg2 Rc1 56. Ra5 Rc2+ 57. Kh3 Ke4 58. Rxh5 Rc8 59. Rh4+ Kf5 60. Rf4+ Kg5 61. Rg4+ Kh5 62. Rh4+ Kg5 63. Rg4+ Kf6 64. Rf4+ Kg6 65. Kg2 Rc2+ 66. Kh3 Rc3 67. Rg4+ Kh6 68. Rh4+ Kg6 69. Rg4+ Kf6 70. Rf4+ Kg6 71. Rg4+ 1/2-1/2


[Site "https://www.chess.com"]

[Event "Titled Tuesday Blitz June 13 Early 2023"]
[White "Sarana, Alexey"]
[Black "Bethke, Richard"]
[WhiteFideId "24133795"]
[BlackFideId "12959243"]
[WhiteElo "2714"]
[BlackElo "2369"]
[Result "1-0"]
[Round "1"]
[TimeControl "180+2"]
[Date "2023.06.13"]
[WhiteClock "0:00:24"]
[BlackClock "0:00:00"]
[Board "10"]

1. c4 Nf6 2. Nc3 e6 3. Nf3 d5 4. d4 Be7 5. Bf4 O-O 6. a3 c5 7. dxc5 Bxc5 8. Qc2 Nc6 9. e3 Qe7 10. Bd3 d4 11. exd4 Nxd4 12. Nxd4 Bxd4 13. O-O h6 14. Nb5 e5 15. Rfe1 Qc5 16. Bg3 e4 17. Bxe4 Nxe4 18. Qxe4 Bxb2 19. Bd6 Qc6 20. Qxc6 bxc6 21. Ra2 cxb5 22. Bxf8 Kxf8 23. Rxb2 bxc4 24. f3 Be6 25. Rb7 a5 26. Rc1 g6 27. Rc3 h5 28. h4 Kg7 29. Kf2 Kf6 30. Ke3 Rd8 31. Rb5 Ra8 32. Kf4 Ra6 33. Rc5 a4 34. Ke3 Rb6 35. Ra5 Rb3 36. Kd4 Rb2 37. g3 Rd2+ 38. Ke3 Rg2 39. Kf4 Rd2 40. Rxa4 Re2 41. Ra6 Ke7 42. Rb6 f6 43. Re3 g5+ 44. hxg5 fxg5+ 45. Ke4 Rd2 46. f4 h4 47. gxh4 gxh4 48. f5 Bd5+ 49. Kf4+ Kd7 50. Rh3 Rd4+ 51. Ke5 Rd3 52. Rxd3 cxd3 53. Rd6+ Ke7 54. Rxd5 1-0


[Site "https://www.chess.com"]

[Event "Titled Tuesday Blitz June 13 Early 2023"]
[White "Horak, Martin"]
[Black "Andreikin, Dmitry"]
[WhiteFideId "367095"]
[BlackFideId "4158814"]
[WhiteElo "2091"]
[BlackElo "2736"]
[Result "0-1"]
[Round "1"]
[TimeControl "180+2"]
[Date "2023.06.13"]
[WhiteClock "0:00:13"]
[BlackClock "0:02:17"]
[Board "11"]

1. d4 Nf6 2. c4 e6 3. Nf3 Bb4+ 4. Bd2 a5 5. g3 b6 6. Bg2 Bb7 7. O-O O-O 8. Nc3 d6 9. Rc1 Nbd7 10. a3 Bxc3 11. Bxc3 Ne4 12. Nd2 Nxc3 13. Rxc3 Bxg2 14. Kxg2 f5 15. f4 Nf6 16. Qc2 c5 17. d5 exd5 18. cxd5 Qd7 19. e4 Rae8 20. Re1 Nxd5 21. Qb3 Qf7 22. Rd3 Nf6 23. Qxf7+ Kxf7 24. Rxd6 Rd8 25. e5 Rxd6 26. exd6 Rd8 27. Nc4 Ne4 28. Nxb6 Rxd6 29. Nc4 Rd4 30. Rc1 Ke6 31. Kf3 Rxc4 0-1


[Site "https://www.chess.com"]

[Event "Titled Tuesday Blitz June 13 Early 2023"]
[White "Duda, Jan-Krzysztof"]
[Black "Sowul, Bartosz"]
[WhiteFideId "1170546"]
[BlackFideId "1137590"]
[WhiteElo "2783"]
[BlackElo "2188"]
[Result "1-0"]
[Round "1"]
[TimeControl "180+2"]
[Date "2023.06.13"]
[WhiteClock "0:00:43"]
[BlackClock "0:00:00"]
[Board "12"]

1. d4 Nf6 2. c4 c5 3. d5 b5 4. cxb5 a6 5. bxa6 g6 6. Nc3 Bg7 7. e4 O-O 8. e5 Ne8 9. h4 Bxe5 10. h5 Qb6 11. Nf3 Bg7 12. hxg6 fxg6 13. Ng5 Nf6 14. d6 e6 15. Nxh7 Nxh7 16. Qg4 c4 17. Ne4 Rf5 18. Qxg6 Nf8 19. Qg4 Nxa6 20. Bd2 Kf7 21. Bxc4 Ke8 22. Qxg7 Rf7 23. Nf6+ 1-0


[Site "https://www.chess.com"]

[Event "Titled Tuesday Blitz June 13 Early 2023"]
[White "brm72"]
[Black "Lazavik, Denis"]
[BlackFideId "13515110"]
[WhiteElo "2519"]
[BlackElo "2560"]
[Result "0-1"]
[Round "1"]
[TimeControl "180+2"]
[Date "2023.06.13"]
[WhiteClock "0:00:43"]
[BlackClock "0:00:46"]
[Board "13"]

1. e4 e5 2. Nf3 Nc6 3. d4 exd4 4. Nxd4 Bc5 5. Nb3 Bb6 6. Qe2 Nge7 7. Nc3 O-O 8. Be3 f5 9. Bxb6 axb6 10. exf5 d5 11. O-O-O Bxf5 12. a3 Qd6 13. Qb5 Be6 14. f3 Rad8 15. Be2 Qf4+ 16. Kb1 d4 17. Ne4 Nf5 18. g3 Qh6 19. f4 Ne3 20. Rd2 Bf5 21. Ng5 Kh8 22. Bd3 Rd5 23. Qa4 Bxd3 24. Nxd4 Rxd4 25. Qb3 Bxc2+ 26. Rxc2 Nxc2 27. Nf7+ Rxf7 28. Qxf7 Nxa3+ 29. bxa3 Qg6+ 30. Qxg6 hxg6 0-1


[Site "https://www.chess.com"]

[Event "Titled Tuesday Blitz June 13 Early 2023"]
[White "Erigaisi Arjun"]
[Black "Rutvij09"]
[WhiteFideId "35009192"]
[WhiteElo "2719"]
[BlackElo "2514"]
[Result "1-0"]
[Round "1"]
[TimeControl "180+2"]
[Date "2023.06.13"]
[WhiteClock "0:00:30"]
[BlackClock "0:00:01"]
[Board "14"]

1. Na3 e5 2. Nc4 Nc6 3. e4 Nf6 4. d3 Bc5 5. Be3 d6 6. Bxc5 dxc5 7. Be2 Be6 8. Ne3 Qd7 9. Nf3 h6 10. c3 O-O 11. Qc2 Rad8 12. h3 Rfe8 13. g4 Nh7 14. h4 Bxg4 15. Nxg4 Qxg4 16. Nxe5 Qe6 17. Nxc6 Qxc6 18. O-O-O Nf6 19. f4 c4 20. e5 Nd5 21. Bf3 Qa6 22. dxc4 Nxf4 23. Qe4 Ne6 24. Kb1 Nc5 25. Qg4 Nd3 26. Rhg1 g6 27. e6 Qxe6 28. Qxe6 Rxe6 29. Bd5 Re3 30. Rxg6+ Kf8 31. Rxh6 Ke7 32. Rh7 Ne5 33. Rf1 Rf8 34. Bxb7 Nxc4 35. Rf2 Nd6 36. Bd5 Re5 37. Bb3 a5 38. a4 Re4 39. Rh5 Rb8 40. Ka2 Nb7 41. Rxf7+ Kd6 42. Rh6+ Kc5 43. Rxc7# 1-0


[Site "https://www.chess.com"]

[Event "Titled Tuesday Blitz June 13 Early 2023"]
[White "Khater, Sherif"]
[Black "Deac, Bogdan-Daniel"]
[WhiteFideId "2034280"]
[BlackFideId "1226380"]
[WhiteElo "2513"]
[BlackElo "2644"]
[Result "0-1"]
[Round "1"]
[TimeControl "180+2"]
[Date "2023.06.13"]
[WhiteClock "0:00:52"]
[BlackClock "0:00:07"]
[Board "15"]

1. e4 Nf6 2. Nc3 d5 3. exd5 Nxd5 4. Bc4 Nb6 5. Bb3 Nc6 6. Nge2 Na5 7. O-O Nxb3 8. axb3 g6 9. d3 Bg7 10. Be3 Nd7 11. Qd2 O-O 12. Bh6 Nf6 13. Bxg7 Kxg7 14. Rfe1 b6 15. Ng3 Bb7 16. Qg5 e6 17. h3 Nd7 18. Qd2 a5 19. Nce2 Qf6 20. Qc3 Qxc3 21. bxc3 b5 22. Nd4 b4 23. c4 c5 24. Nb5 Bc6 25. Nd6 a4 26. bxa4 Rxa4 27. Rxa4 Bxa4 28. Re2 Ra8 29. Nge4 h6 30. Nb7 Rc8 31. Kf1 Rc7 32. Nbd6 Ra7 33. Ke1 Bc6 34. Kd2 Ra2 35. Kc1 f5 36. Nd2 Kf6 37. f4 e5 38. fxe5+ Nxe5 39. Nb3 Nxd3+ 40. Kb1 Ra3 41. Ne8+ Bxe8 42. Rxe8 Ne5 43. Nxc5 Nxc4 44. Nd7+ Kg5 45. Ne5 Nxe5 46. Rxe5 Rg3 47. Re2 b3 48. cxb3 Rxb3+ 49. Kc1 Rg3 50. Kd1 Kf4 51. Ke1 Re3 52. Kf2 Rxe2+ 53. Kxe2 Kg3 54. Kf1 f4 55. Kg1 f3 56. gxf3 Kxf3 57. Kh2 h5 58. h4 Kg4 59. Kg2 Kxh4 60. Kh2 0-1


[Site "https://www.chess.com"]

[Event "Titled Tuesday Blitz June 13 Early 2023"]
[White "Shimanov, Aleksandr"]
[Black "Balla, Tamas-Kristof"]
[WhiteFideId "4198603"]
[BlackFideId "1208497"]
[WhiteElo "2631"]
[BlackElo "2334"]
[Result "1-0"]
[Round "1"]
[TimeControl "180+2"]
[Date "2023.06.13"]
[WhiteClock "0:00:33"]
[BlackClock "0:00:12"]
[Board "16"]

1. e4 c5 2. Nc3 Nc6 3. Bb5 Nd4 4. Bc4 e6 5. Nge2 Nf6 6. O-O a6 7. a4 d5 8. exd5 exd5 9. Ba2 Be6 10. Nxd4 cxd4 11. Ne2 d3 12. cxd3 Bd6 13. f4 O-O 14. d4 Re8 15. f5 Bd7 16. d3 h6 17. Nc3 Qc7 18. h3 Rac8 19. Nxd5 Nxd5 20. Bxd5 Qa5 21. Qf3 Rc2 22. f6 Ree2 23. Bxf7+ Kh7 24. Bd5 Rxg2+ 25. Qxg2 Rxg2+ 26. Bxg2 Qb4 27. Be3 Bc6 28. d5 Bxa4 29. f7 Bc2 30. Be4+ Kh8 31. Rac1 Qxb2 32. f8=Q+ Bxf8 33. Rxf8# 1-0


[Site "https://www.chess.com"]

[Event "Titled Tuesday Blitz June 13 Early 2023"]
[White "Bilan, Danila"]
[Black "Sviridov, Valery"]
[WhiteFideId "24161918"]
[BlackFideId "4120680"]
[WhiteElo "2146"]
[BlackElo "2457"]
[Result "0-1"]
[Round "1"]
[TimeControl "180+2"]
[Date "2023.06.13"]
[WhiteClock "0:00:00"]
[BlackClock "0:01:06"]
[Board "17"]

1. d4 g6 2. Nf3 Bg7 3. Bg5 d6 4. c3 h6 5. Bh4 g5 6. Bg3 f5 7. e3 Nf6 8. Bc4 e6 9. Nbd2 Nc6 10. Qc2 Qe7 11. O-O-O Bd7 12. Ne1 Nh5 13. f3 Nxg3 14. hxg3 O-O-O 15. Nd3 Na5 16. Nf2 Nxc4 17. Nxc4 Kb8 18. Qb3 h5 19. Na5 b6 20. Nc4 Bc6 21. Na3 g4 22. e4 Bh6+ 23. Kb1 Be3 24. Rhf1 gxf3 25. gxf3 Bxf2 26. Rxf2 fxe4 27. fxe4 Bxe4+ 28. Ka1 Rdf8 29. Rxf8+ Qxf8 30. Nb5 Qf3 31. Rc1 Qe3 32. Rd1 Bd5 33. c4 Qxb3 34. axb3 Bc6 35. Nc3 Rf8 36. Rd3 Rf2 37. Re3 Bd7 38. Ne4 Rf5 39. Ka2 Kb7 40. b4 a5 41. Kb3 Be8 42. bxa5 Rxa5 43. Kc3 Rf5 44. b3 Bg6 45. Nd2 Rg5 46. Nf1 Bf5 47. Nd2 Kc6 48. Nf3 Rg4 49. Nh4 Be4 50. b4 b5 51. c5 Kd5 52. cxd6 cxd6 53. Nf3 Rxg3 0-1


[Site "https://www.chess.com"]

[Event "Titled Tuesday Blitz June 13 Early 2023"]
[White "Berezin, Viktor"]
[Black "Ivanchuk, Vasyl"]
[WhiteFideId "14107872"]
[BlackFideId "14100010"]
[WhiteElo "2310"]
[BlackElo "2710"]
[Result "0-1"]
[Round "1"]
[TimeControl "180+2"]
[Date "2023.06.13"]
[WhiteClock "0:00:09"]
[BlackClock "0:00:33"]
[Board "19"]

1. d4 Nf6 2. Nf3 e6 3. c4 Bb4+ 4. Nbd2 a5 5. g3 d6 6. Bg2 Nc6 7. O-O e5 8. Nb3 a4 9. dxe5 dxe5 10. Qxd8+ Kxd8 11. Nbd2 Ke7 12. a3 Bd6 13. Nb1 Be6 14. Nfd2 Nd4 15. Nc3 c6 16. e3 Nb3 17. Rb1 Nxd2 18. Bxd2 Bxc4 19. Rfd1 Bb3 20. Rdc1 Rhd8 21. Be1 g6 22. Ne4 Nxe4 23. Bxe4 f5 24. Bc2 Bxc2 25. Rxc2 e4 26. Bc3 Bc7 27. Bb4+ Ke6 28. Kf1 Rd3 29. Ke2 Be5 30. Rc4 Rb3 31. Rc2 Rd8 32. h4 Rdd3 33. Be1 Kd5 34. Bb4 b6 35. Be1 c5 36. h5 gxh5 37. Bd2 Bf6 38. Be1 h4 39. gxh4 Bxh4 40. Bc3 Bg5 41. Rh1 h6 42. Rcc1 c4 43. Rcd1 b5 44. Rxd3+ cxd3+ 45. Kd2 f4 46. Rg1 Ke6 47. Rg4 Kf5 48. Rg1 Bf6 49. exf4 Bxc3+ 50. bxc3 Kxf4 51. Rg6 Rb2+ 52. Ke1 Re2+ 0-1


[Site "https://www.chess.com"]

[Event "Titled Tuesday Blitz June 13 Early 2023"]
[White "Lenderman, Aleksandr"]
[Black "Pham, Le Thao Nguyen"]
[WhiteFideId "2021285"]
[BlackFideId "12401226"]
[WhiteElo "2607"]
[BlackElo "2286"]
[Result "1-0"]
[Round "1"]
[TimeControl "180+2"]
[Date "2023.06.13"]
[WhiteClock "0:01:08"]
[BlackClock "0:00:12"]
[Board "20"]

1. Nf3 d5 2. e3 Bf5 3. c4 c6 4. cxd5 cxd5 5. Qb3 Qc7 6. Bb5+ Bd7 7. Nc3 e6 8. d4 Bxb5 9. Nxb5 Qb6 10. Bd2 a6 11. Rc1 Qxb5 12. Qxb5+ axb5 13. Rc8+ Ke7 14. O-O Nh6 15. Rfc1 Rxa2 16. Rxb8 Rxb2 17. Bc3 Rb3 18. Nd2 Rxc3 19. Rxc3 Kf6 20. Rcc8 b4 21. Rxf8 1-0


[Site "https://www.chess.com"]

[Event "Titled Tuesday Blitz June 13 Early 2023"]
[White "Luo, Terry"]
[Black "Henriquez Villagra, Cristobal"]
[WhiteFideId "30931045"]
[BlackFideId "3409350"]
[WhiteElo "2265"]
[BlackElo "2542"]
[Result "0-1"]
[Round "1"]
[TimeControl "180+2"]
[Date "2023.06.13"]
[WhiteClock "0:00:18"]
[BlackClock "0:00:19"]
[Board "21"]

1. d4 d6 2. Nf3 Nf6 3. c4 g6 4. Nc3 Bg7 5. e4 O-O 6. Be2 Na6 7. O-O e5 8. Re1 Qe7 9. Bf1 c6 10. a3 Bg4 11. d5 Nc5 12. b4 Bxf3 13. Qxf3 Nb3 14. Rb1 Nd4 15. Qd1 Nd7 16. dxc6 bxc6 17. b5 Nc5 18. bxc6 Nxc6 19. Nd5 Qd8 20. Be3 Nd4 21. Bxd4 exd4 22. Qd2 Kh8 23. f4 Rb8 24. g3 Rxb1 25. Rxb1 Nxe4 26. Qd3 Nc5 27. Qd2 Re8 28. Re1 Ne4 29. Qd3 f5 30. Bg2 Nc5 31. Qd2 d3 32. h4 h5 33. Kh2 Kh7 34. Bf3 Kh6 35. Kh3 Rxe1 36. Qxe1 Qg8 37. Qe7 Qe6 38. Qxe6 Nxe6 39. Kg2 Nc5 40. Kf2 Bb2 41. a4 Nxa4 42. Ke3 Nc5 43. Bd1 Bc1+ 44. Kd4 Bb2+ 45. Ke3 a5 46. Nb6 Bc1+ 47. Kd4 Ne4 48. Kxd3 Nxg3 0-1


[Site "https://www.chess.com"]

[Event "Titled Tuesday Blitz June 13 Early 2023"]
[White "Bortnyk, Olexandr"]
[Black "Cruz Mendez, Jean Marco"]
[WhiteFideId "14120828"]
[BlackFideId "3526402"]
[WhiteElo "2733"]
[BlackElo "2064"]
[Result "1-0"]
[Round "1"]
[TimeControl "180+2"]
[Date "2023.06.13"]
[WhiteClock "0:00:16"]
[BlackClock "0:00:14"]
[Board "22"]

1. e4 e5 2. Bc4 Nc6 3. Nc3 Nf6 4. d3 Bc5 5. h3 d6 6. Nge2 O-O 7. Ng3 h6 8. Be3 Nd4 9. Nce2 Nxe2 10. Qxe2 Bxe3 11. Qxe3 Be6 12. O-O-O Qe7 13. Kb1 Nd7 14. f4 exf4 15. Qxf4 Ne5 16. Bb3 Ng6 17. Qf3 a5 18. Nf5 Bxf5 19. exf5 Ne5 20. Qxb7 Rfb8 21. Qe4 a4 22. Bd5 Ra5 23. d4 c6 24. dxe5 cxd5 25. f6 Qxe5 26. Qxe5 dxe5 27. fxg7 Kxg7 28. Rhf1 f6 29. Rf3 Rab5 30. b3 axb3 31. axb3 d4 32. Kb2 Kf7 33. Ra1 Ke7 34. c4 dxc3+ 35. Rxc3 Ke6 36. g4 R5b6 37. Rf1 e4 38. Rf4 Ke5 39. Rf5+ Kd4 40. Kc2 Rb4 41. Rxf6 e3 42. Re6 Ra8 43. Rd3+ Kc5 44. Rdxe3 Ra2+ 45. Kc3 Rf4 46. R3e5# 1-0


[Site "https://www.chess.com"]

[Event "Titled Tuesday Blitz June 13 Early 2023"]
[White "Sharapov, Evgeny"]
[Black "Madaminov, Mukhiddin"]
[WhiteFideId "14103133"]
[BlackFideId "14210703"]
[WhiteElo "2367"]
[BlackElo "2511"]
[Result "0-1"]
[Round "1"]
[TimeControl "180+2"]
[Date "2023.06.13"]
[WhiteClock "0:00:58"]
[BlackClock "0:01:18"]
[Board "23"]

1. e4 c5 2. Nf3 d6 3. d4 cxd4 4. Nxd4 Nf6 5. Nc3 Nc6 6. Bg5 e6 7. Qd2 a6 8. O-O-O Bd7 9. f3 Be7 10. h4 Qc7 11. Kb1 Nxd4 12. Qxd4 b5 13. g4 O-O 14. Be3 Rfc8 15. g5 Ne8 16. Qd2 b4 17. Ne2 a5 18. Nd4 Rab8 19. Bd3 a4 20. Rc1 Qc3 21. Qg2 Qc7 22. h5 a3 23. g6 axb2 24. gxh7+ Kh8 25. Rcg1 Ra8 26. Nb3 Bf6 27. Bg5 Bc3 28. h6 Rxa2 29. hxg7+ Nxg7 0-1


[Site "https://www.chess.com"]

[Event "Titled Tuesday Blitz June 13 Early 2023"]
[White "Matlakov, Maxim"]
[Black "Rodchenkov, Sergey D."]
[WhiteFideId "4168003"]
[BlackFideId "4168712"]
[WhiteElo "2666"]
[BlackElo "2277"]
[Result "1-0"]
[Round "1"]
[TimeControl "180+2"]
[Date "2023.06.13"]
[WhiteClock "0:01:26"]
[BlackClock "0:00:47"]
[Board "24"]

1. Nf3 d5 2. g3 Nf6 3. Bg2 c6 4. O-O Bg4 5. d3 Nbd7 6. Qe1 e5 7. e4 dxe4 8. dxe4 Be7 9. Nbd2 O-O 10. h3 Bh5 11. Nc4 Qc7 12. a4 Rfe8 13. Nh4 Bf8 14. b3 Bg6 15. Bb2 a5 16. Rd1 b5 17. Nxg6 hxg6 18. Nd2 bxa4 19. bxa4 Nb6 20. Ra1 Red8 21. Qe2 Nfd7 22. Nf3 f6 23. h4 Nc5 24. h5 g5 25. Bh3 Nbxa4 26. Rxa4 Nxa4 27. Qc4+ Kh8 28. Qxa4 Rab8 29. Qa2 Qb7 30. Bxe5 fxe5 31. Nxe5 g6 32. Qe6 Rd6 33. Nf7+ Kg7 34. Nxd6 Bxd6 35. Qxg6+ Kh8 36. Qxd6 1-0


[Site "https://www.chess.com"]